 Dungeon Crawl Stone Soup version 0.18.1-50-g88ac8fd (webtiles) character file.

77896 Krapule the Envoy of Void (level 15, -3/141 HPs)
             Began as a Hill Orc Abyssal Knight on Oct 17, 2016.
             Was a High Priest of Lugonu.
             Slain by a komodo dragon (15 damage)
             ... on level 8 of the Lair of Beasts.
             The game lasted 02:09:39 (35879 turns).

Krapule the Envoy of Void (HOAK)                   Turns: 35879, Time: 02:09:40

Health: -3/141     AC: 30    Str: 22    XL:     15   Next: 58%
Magic:  27/27      EV:  4    Int: 12    God:    Lugonu [*****.]
Gold:   645        SH: 12    Dex: 16    Spells: 0 memorised, 14 levels left

rFire  + + +     SeeInvis .     a - +1 falchion (slice)
rCold  + . .     Gourm    .     x - +1 gold dragon armour
rNeg   + . .     Faith    .     p - +0 shield {rF+}
rPois  +         Spirit   .     F - +1 hat of Vehumet's Favour {rPois rCorr Dex+6}
rElec  .         Dismiss  .     J - +2 cloak
rCorr  +         Reflect  .     E - +0 pair of gloves
SustAt .         Harm     .     d - +2 pair of boots
MR     +....                    Y - amulet of rage
Stlth  ..........               j - ring of positive energy
                                B - ring of protection from fire

@: somewhat resistant to hostile enchantments, extremely unstealthy
A: no striking features
a: Depart the Abyss, Bend Space, Banish, Corrupt, Enter the Abyss, Renounce
Religion, Evoke Berserk Rage


You were on level 8 of the Lair of Beasts.
You worshipped Lugonu.
Lugonu was extremely pleased with you.
You were hungry.

You visited 4 branches of the dungeon, and saw 21 of its levels.
You visited the Abyss 2 times.
You also visited: Sewer and Volcano.

You collected 2296 gold pieces.
You spent 1651 gold pieces at shops.

Inventory:

Hand Weapons
 a - a +1 falchion of slicing (weapon)
 M - a +1 falchion of holy wrath
Missiles
 G - 5 javelins (quivered)
Armour
 d - a +2 pair of boots (worn)
 e - a +2 helmet
 p - a +0 shield of fire resistance (worn)
 x - a +1 gold dragon armour (worn)
 E - a +0 pair of gloves (worn)
 F - the +1 hat of Vehumet's Favour (worn) {rPois rCorr Dex+6}
   (You bought it in a shop on level 2 of the Orcish Mines)

   It affects your dexterity (+6).
   It protects you from poison.
   It protects you from acid and corrosion.
 J - a +2 cloak (worn)
Jewellery
 j - a ring of positive energy (right hand)
 B - a ring of protection from fire (left hand)
 W - an uncursed ring of protection from cold
 Y - an amulet of rage (around neck)
Wands
 h - a wand of heal wounds (0/9)
 t - a wand of flame (10/48)
 u - a wand of paralysis (8/24)
 v - a wand of lightning (0/15)
 O - a wand of paralysis (17/24)
Scrolls
 b - a scroll of identify
 n - a scroll of magic mapping
 q - 6 scrolls of teleportation
 r - 2 scrolls of remove curse
 y - 2 scrolls of enchant weapon {unknown}
 D - 7 scrolls of fear {unknown}
 H - 3 scrolls of enchant armour {unknown}
 K - 3 scrolls of amnesia
 L - 4 scrolls of holy word {unknown}
 T - 4 scrolls of blinking {unknown}
 X - a scroll of silence {unknown}
Potions
 f - 2 potions of brilliance
 k - 5 potions of heal wounds
 l - 7 potions of curing
 m - 2 potions of berserk rage
 o - 5 potions of resistance
 w - 4 potions of lignification
 z - 7 potions of might
 A - 5 potions of agility
 C - 4 potions of haste
 R - 3 potions of flight
 V - a potion of invisibility {unknown}
Books
 s - an Akashic Record

   Spells                             Type                      Level
   a - Dispersal                      Translocation                6
   b - Malign Gateway                 Summoning/Translocation      7
   c - Disjunction                    Translocation                8
   d - Controlled Blink               Translocation                8
Miscellaneous
 Q - a crystal ball of energy
Comestibles
 c - 12 bread rations
 g - a meat ration
 i - 2 royal jellies
 I - 7 fruits
 N - 2 chunks of flesh


   Skills:
 + Level 15.2 Fighting
 + Level 10.0 Long Blades
 + Level 13.9 Armour
 - Level 1.0 Dodging
 + Level 10.4 Shields
 + Level 16.2 Invocations
 + Level 7.0 Evocations


You had 14 spell levels left.
You didn't know any spells.

Dungeon Overview and Level Annotations

Branches:
Dungeon (10/15)            Temple (1/1) D:4            Lair (8/8) D:9
 Shoals (0/4) Lair:3        Snake (0/4) Lair:5        Slime (0/6) Lair:6
    Orc (2/2) D:10            Elf (0/3) Orc:2

Altars:
Ashenzari
Cheibriados
Elyvilon
Kikubaaqudgha
Makhleb
Pakellas
Ru
Sif Muna
Trog
Vehumet
Xom
Zin
Beogh
Lugonu

Shops:
Orc:1 (   Orc:2 [[[[

Annotations:
D:2 Sigmund
Orc:2 corrupted


Message History

The komodo dragon is severely wounded.
The komodo dragon bites you.
* * * LOW HITPOINT WARNING * * *
You slash the komodo dragon!
The komodo dragon is almost dead.
You feel sick.
You hit the komodo dragon.
The komodo dragon is almost dead.
The komodo dragon bites you.
* * * LOW HITPOINT WARNING * * *
You hit the komodo dragon but do no damage.
The komodo dragon is almost dead.
You feel sick. The komodo dragon bites you!!
* * * LOW HITPOINT WARNING * * *
You hit the komodo dragon.
The komodo dragon is almost dead.
The komodo dragon bites you but does no damage.
Drink which item? (? for menu, Esc to quit)
You feel better. The komodo dragon bites you!
You die...

.. ♣♣..♣♣ ♣..... ...♣♣♣..♣♣ ♣♣♣♣
♣♣♣... ♣..♣.♣♣♣♣...♣♣ ....
♣...♣.....l. ♣♣...§♣ ♣♣..♣♣ ♣.♣♣
♣l♣♣ ♣.... ♣♣♣♣♣ ♣♣@♣♣♣ ♣....
♣♣♣...♣♣ ♣♣♣♣♣♣♣...♣♣ ♣♣....
..♣....♣♣♣.♣♣.......♣♣♣ ♣♣♣.....
......................♣♣♣♣.......
.................................
..................).......?......
................................†
.................................
.................................


You could see a komodo dragon.

Vanquished Creatures
  A stone giant (Orc:2)
  A hydra (Lair:6)
  An ice dragon (Lair:7)
  6 death yaks
  Urug (Lair:4)
  Sonja (Lair:1)
  2 orc knights
  2 hill giants (D:10)
  A griffon (Lair:3)
  Pikel (D:8)
  A cyclops (Orc:1)
  A manticore (Lair:3)
  3 toenail golems (Volcano)
  19 elephants
  9 black mambas
  5 rime drakes
  22 spiny frogs
  7 komodo dragons
  A troll (Orc:2)
  2 polar bears
  2 two-headed ogres
  17 blink frogs
  2 slime creatures (Lair:6)
  A large abomination (Abyss:1)
  Eustachio (D:5)
  6 wyverns
  A spriggan (D:7)
  6 humans (Volcano)
  40 yaks
  2 basilisks
  9 hippogriffs
  2 wargs
  11 porcupines
  21 water moccasins
  31 orc warriors
  3 ice beasts
  3 slaves (D:8)
  3 black bears
  2 small abominations (Abyss:1)
  2 phantoms
  9 ogres
  13 centaurs
  5 wolves
  21 crocodiles
  A big kobold (D:6)
  The ghost of Shufflesack the Magician, an amateur DEWz (D:3)
  14 giant frogs
  A scorpion (D:4)
  A howler monkey (D:5)
  6 crimson imps
  2 quasits
  8 hounds
  8 orc priests
  3 jellies
  16 orc wizards
  A giant frog skeleton (D:9)
  15 iguanas
  Natasha (thrice) (D:2)
  Terence (D:2)
  6 worker ants
  16 sheep
  2 hound zombies
  A worker ant zombie (D:5)
  5 gnolls
  7 adders
  78 river rats
  2 shadow imps
  3 white imps (Lair:7)
  An adder zombie (D:6)
  2 worms (D:3)
  3 dart slugs (D:1)
  3 giant geckos
  68 orcs
  3 giant cockroaches
  5 goblins
  3 hobgoblins
  3 jackals (D:8)
  9 kobolds
  A quokka (D:6)
  5 ball pythons
  6 bats
  13 giant newts
  14 rats
  A plant (Lair:8)
641 creatures vanquished.

Vanquished Creatures (others)
  4 hydras
  An orc high priest (Orc:2)
  2 black mambas (Lair:3)
  A troll (Orc:2)
  7 orc warriors (Orc:2)
  An ogre (Orc:2)
  A centaur (Orc:2)
  2 orc priests (Orc:2)
  2 orc wizards (Orc:2)
  6 orcs (Orc:2)
  A quokka (D:3)
  65 fungi
  21 plants
  7 starspawn tentacles
  2 starspawn tentacle segments (Orc:2)
123 creatures vanquished.

Grand Total: 764 creatures vanquished

Notes
Turn   | Place    | Note
--------------------------------------------------------------
     0 | Abyss:1  | Krapule the Hill Orc Abyssal Knight began the quest for the Orb.
     0 | Abyss:1  | Reached XP level 1. HP: 19/19 MP: 2/2
    44 | Abyss:1  | Noticed a neqoxec
    95 | Abyss:1  | Found a sacrificial altar of Ru.
   137 | Abyss:1  | Noticed a tentacled starspawn
   154 | Abyss:1  | Noticed a starcursed mass
   178 | Abyss:1  | Noticed an orange demon
   179 | D:1      | Escaped the Abyss
   455 | D:1      | Reached XP level 2. HP: 17/26 MP: 4/4
   696 | D:1      | Reached skill level 1 in Dodging
   829 | D:1      | Reached * piety under Lugonu
   879 | D:1      | Reached skill level 3 in Invocations
   926 | D:1      | Reached XP level 3. HP: 33/33 MP: 5/5
  1438 | D:2      | Noticed Natasha
  1439 | D:2      | Noticed Terence
  1462 | D:2      | Killed Natasha
  1462 | D:2      | Reached XP level 4. HP: 26/40 MP: 6/6
  1662 | D:2      | Killed Terence
  1704 | D:2      | Noticed Natasha
  1712 | D:2      | Killed Natasha
  1789 | D:2      | Noticed Sigmund
  1904 | D:2      | Reached skill level 4 in Invocations
  1904 | D:2      | Reached XP level 5. HP: 27/47 MP: 6/8
  2161 | D:2      | Noticed Natasha
  2174 | D:2      | Killed Natasha
  2325 | D:3      | Found a white marble altar of Elyvilon.
  2725 | D:3      | Reached XP level 6. HP: 55/55 MP: 9/9
  2820 | D:3      | Found a glowing silver altar of Zin.
  2822 | D:3      | Found an ancient bone altar of Kikubaaqudgha.
  2823 | D:3      | Noticed Shufflesack's ghost (amateur DEWz)
  2824 | D:3      | Found a deep blue altar of Sif Muna.
  2825 | D:3      | Found a white marble altar of Elyvilon.
  2828 | D:3      | Found an oddly glowing altar of Pakellas.
  2850 | D:4      | Found a staircase to the Ecumenical Temple.
  2859 | Temple   | Entered the Ecumenical Temple
  3038 | Temple   | Reached ** piety under Lugonu
  3043 | Temple   | Reached skill level 5 in Fighting
  3170 | D:4      | Found a glowing drain.
  3174 | Sewer    | Entered a sewer
  4210 | D:3      | Reached skill level 5 in Invocations
  4233 | D:3      | Killed Shufflesack's ghost
  4233 | D:3      | Reached XP level 7. HP: 29/61 MP: 10/10
  4409 | D:3      | Found a snail-covered altar of Cheibriados.
  4761 | D:5      | Entered Level 5 of the Dungeon
  4774 | D:5      | Reached *** piety under Lugonu
  5391 | D:5      | Noticed Eustachio
  5445 | D:5      | Killed Eustachio
  5445 | D:5      | Reached skill level 5 in Long Blades
  5445 | D:5      | Reached skill level 5 in Armour
  5445 | D:5      | Reached skill level 6 in Invocations
  5679 | D:5      | Reached XP level 8. HP: 68/71 MP: 12/12
  6799 | D:6      | Reached skill level 7 in Invocations
  7341 | D:7      | Found a shimmering altar of Xom.
  7555 | D:7      | Reached XP level 9. HP: 64/81 MP: 14/14
  7734 | D:7      | Reached skill level 8 in Invocations
  8895 | D:8      | Found a burning altar of Makhleb.
  9158 | D:8      | Noticed Pikel
  9187 | D:8      | Killed Pikel
  9187 | D:8      | Reached skill level 9 in Invocations
  9316 | D:9      | Reached **** piety under Lugonu
  9563 | D:9      | Found a staircase to the Lair.
  9625 | D:9      | Noticed a two-headed ogre
  9636 | D:9      | Killed a two-headed ogre
  9636 | D:9      | Reached skill level 1 in Evocations
  9653 | D:9      | Reached XP level 10. HP: 69/91 MP: 17/17
  9848 | D:10     | Entered Level 10 of the Dungeon
  9922 | D:10     | Reached skill level 10 in Invocations
 10131 | D:10     | Found a staircase to the Orcish Mines.
 10404 | D:10     | Noticed a hill giant
 10414 | D:10     | Killed a hill giant
 10414 | D:10     | Reached skill level 10 in Fighting
 10655 | D:10     | Noticed a hill giant
 10662 | D:10     | Killed a hill giant
 10972 | Orc:1    | Entered Level 1 of the Orcish Mines
 11178 | Orc:1    | Found Baukkid's Antique Weapon Shop.
 11316 | Orc:1    | Bought a glowing great sword for 195 gold pieces
 11621 | Orc:2    | Entered Level 2 of the Orcish Mines
 11622 | Orc:2    | Noticed a cyclops
 12066 | Lair:1   | Entered Level 1 of the Lair of Beasts
 12131 | Lair:1   | Noticed Sonja
 12147 | Lair:1   | Noticed a six-headed hydra
 12151 | Lair:1   | Banished a six-headed hydra
 12198 | Lair:1   | Found a dark tunnel.
 12213 | Volcano  | Entered a volcano
 12310 | Volcano  | Reached skill level 11 in Invocations
 12367 | Volcano  | Noticed a toenail golem
 12367 | Volcano  | Noticed a toenail golem
 12377 | Volcano  | Killed a toenail golem
 12390 | Volcano  | Killed a toenail golem
 12390 | Volcano  | Reached XP level 11. HP: 73/101 MP: 19/19
 12758 | Lair:1   | Reached skill level 10 in Armour
 12809 | Lair:1   | Reached skill level 1 in Shields
 12809 | Lair:1   | Reached skill level 5 in Evocations
 14666 | Lair:2   | Reached skill level 12 in Invocations
 15792 | Lair:3   | Found a staircase to the Shoals.
 15792 | Lair:3   | Noticed a manticore
 15792 | Lair:3   | Noticed a griffon
 16184 | Lair:3   | Killed a griffon
 16274 | Lair:3   | Killed a manticore
 16778 | Lair:3   | Reached XP level 12. HP: 71/112 MP: 21/21
 17312 | Lair:4   | Noticed Urug
 18118 | Lair:4   | Reached skill level 5 in Shields
 19420 | Lair:4   | Reached skill level 13 in Invocations
 21272 | Lair:5   | Noticed a five-headed hydra
 21329 | Lair:5   | Banished a five-headed hydra
 21580 | Lair:5   | Reached XP level 13. HP: 109/122 MP: 23/23
 21946 | Lair:5   | Reached skill level 14 in Invocations
 21946 | Lair:5   | Reached XP level 14. HP: 116/129 MP: 24/24
 21949 | Lair:5   | Found a staircase to the Snake Pit.
 22593 | Lair:6   | Found a staircase to the Slime Pits.
 23270 | Lair:1   | Killed Sonja
 23522 | Lair:6   | Reached ***** piety under Lugonu
 24896 | Lair:7   | Reached skill level 10 in Long Blades
 26014 | Lair:4   | Killed Urug
 26835 | Lair:7   | Reached skill level 15 in Invocations
 29884 | Orc:2    | Noticed a stone giant
 29898 | Orc:2    | Killed a stone giant
 30835 | Orc:1    | Found a roughly hewn altar of Beogh.
 30944 | Orc:2    | Found a staircase to the Elven Halls.
 31458 | Orc:2    | Reached XP level 15. HP: 128/139 MP: 26/26
 32039 | Orc:2    | Found a roughly hewn altar of Beogh.
 32040 | Orc:2    | Corrupted Orc:2
 32041 | Orc:2    | Noticed a tentacled starspawn
 32051 | Orc:2    | Noticed a tentacled starspawn
 32088 | Orc:2    | Noticed a lich
 32251 | Orc:2    | Found Wusaewomma's Armour Emporium.
 32251 | Orc:2    | Found Nudajetits's Armour Boutique.
 32253 | Orc:2    | Found Lopuwaan's Armour Shop.
 32255 | Orc:2    | Found Hein's Armour Shoppe.
 32270 | Orc:2    | Bought a +1 gold dragon armour for 957 gold pieces
 32273 | Orc:2    | Bought the +1 hat of Vehumet's Favour {rPois rCorr Dex+6} for 499 gold pieces
 32564 | Orc:1    | Cast into level 1 of the Abyss (orc)
 32859 | Orc:1    | Escaped the Abyss
 33425 | Lair:8   | Entered Level 8 of the Lair of Beasts
 34351 | Lair:8   | Reached skill level 10 in Shields
 34351 | Lair:8   | Reached skill level 16 in Invocations
 34365 | Lair:8   | Reached skill level 15 in Fighting
 35447 | Lair:8   | Reached ****** piety under Lugonu
 35877 | Lair:8   | HP: 7/141 [komodo dragon (18)]
 35879 | Lair:8   | Slain by a komodo dragon

Skill      XL: |  1  2  3  4  5  6  7  8  9 10 11 12 13 14 15 |
---------------+----------------------------------------------+-----
Dodging        | 1 |  1.0
Invocations    | 3 4 5 6 7 9 11 12 13 14 15 16 | 16.2
Fighting       | 4 5 6 7 9 10 12 13 14 15 | 15.2
Armour         | 3 4 5 6 8 9 10 11 12 13 | 13.9
Long Blades    | 3 4 5 6 8 9 10 | 10.0
Evocations     | 1 4 5 7 |  7.0
Shields        | 4 6 7 9 10 | 10.4

Action                   |  1- 3 |  4- 6 |  7- 9 | 10-12 | 13-15 || total
-------------------------+-------+-------+-------+-------+-------++-------
Melee: Falchion          |    89 |   274 |   629 |    61 |  1491 ||  2544
       Great sword       |       |       |       |   932 |   509 ||  1441
       Rapier            |       |       |       |       |    13 ||    13
Throw: Javelin           |       |       |       |     7 |     2 ||     9
Invok: Depart the Abyss  |     1 |       |       |       |     1 ||     2
       Banish            |       |       |       |     8 |     5 ||    13
       Corrupt           |       |       |       |       |     1 ||     1
 Abil: Evoke Berserk Rag |       |       |       |       |    10 ||    10
Evoke: Wand              |       |       |     1 |     3 |    20 ||    24
  Use: Scroll            |       |     1 |     7 |    12 |     8 ||    28
       Potion            |       |       |       |     6 |     5 ||    11
  Eat: Chunk             |     6 |    17 |    18 |    39 |    48 ||   128
       Bread ration      |       |       |       |       |     1 ||     1
Armor: Leather armour    |    14 |       |       |       |       ||    14
       Ring mail         |    21 |    10 |       |       |       ||    31
       Scale mail        |       |    31 |       |       |       ||    31
       Chain mail        |       |   129 |   174 |    61 |       ||   364
       Plate armour      |       |       |   391 |   862 |   839 ||  2092
       Gold dragon armou |       |       |       |       |   546 ||   546
       Skin              |       |       |       |       |    10 ||    10
Dodge: Dodged            |    59 |   102 |   232 |   388 |   499 ||  1280
Block: Shield            |       |       |       |       |   922 ||   922
